 Dungeon Crawl Stone Soup version 0.23-a0-446-g036aa52 (webtiles) character file.

8 Dfrag the Firebug (level 2, 12/19 HPs)
             Began as a Demonspawn Fire Elementalist on Nov 19, 2018.
             Quit the game on level 1 of the Dungeon.
             The game lasted 00:00:23 (188 turns).

Dfrag the Firebug (Demonspawn Fire Elementalist)     Turns: 188, Time: 00:00:24

Health: 12/19      AC:  4    Str:  8    XL:     2   Next: 0%
Magic:  5/5        EV: 12    Int: 16    God:
Gold:   10         SH:  0    Dex: 13    Spells: 4/5 levels left

rFire    . . .     SeeInvis .   f - +0 mace (curse)
rCold    . . .     Gourm    .   (no shield)
rNeg     . . .     Faith    .   a - +0 robe
rPois    .         Spirit   .   (no helmet)
rElec    .         Reflect  .   (no cloak)
rCorr    .         Harm     .   (no gloves)
MR       .....                  (no boots)
Stlth    ++........             (no amulet)
HPRegen  0.06/turn              (no ring)
MPRegen  0.09/turn              (no ring)

@: no status effects
A: thin metallic scales 1
a: no special abilities


You were on level 1 of the Dungeon.
You were not hungry.

You visited 1 branch of the dungeon, and saw 1 of its levels.

You collected 10 gold pieces.

Inventory:

Hand Weapons
 f - a cursed +0 mace (weapon)
Armour
 a - a +0 robe (worn)
Scrolls
 b - a scroll of remove curse {unknown}
 e - a scroll of magic mapping {unknown}
 g - 2 scrolls of identify {unknown}
 h - a scroll of enchant armour {unknown}
Potions
 d - a potion of ambrosia {unknown}
Comestibles
 c - 2 rations


   Skills:
 - Level 1.7 Dodging
 - Level 1.7 Stealth
 + Level 2.2 Spellcasting
 + Level 1.3 Conjurations
 + Level 2.9 Fire Magic


You had 4 spell levels left.
You knew the following spells:

 Your Spells              Type           Power        Failure   Level  Hunger
a - Flame Tongue          Conj/Fire      #....        9%          1    #......

Your spell library contained the following spells:

 Spells                   Type           Power        Failure   Level  Hunger
 Throw Flame              Conj/Fire      #.....       13%         2    ###....
 Conjure Flame            Conj/Fire      #.......     26%         3    ###....
 Inner Flame              Hex/Fire       #.......     32%         3    ###....
 Sticky Flame             Conj/Fire      #.......     63%         4    #####..
 Fireball                 Conj/Fire      #.........   93%         5    ######.


Dungeon Overview and Level Annotations

Branches:
Dungeon (1/15)

Altars:


Innate Abilities, Weirdness & Mutations

You are partially covered in thin metallic scales. (AC +2)


Message History

A ball python is nearby!
You are too injured to fight recklessly!
You are too injured to fight recklessly!
Found a stone staircase leading down.
The ball python hisses angrily.
Casting: Flame Tongue (safe; 9% risk of failure)
Confirm with . or Enter, or press ? or * to list all spells.
Aiming: Flame Tongue (safe; 9% risk of failure)
Press: ? - help, Shift-Dir - straight line, f - ball python
Aim: a ball python The flame tongue hits the ball python.
You kill the ball python!
You have reached level 2!
Your demonic ancestry asserts itself...
Thin metallic scales grow over part of your body.
Found a robe.
g - 2 scrolls labeled KADAUN MICAIN (gained 1)
You see here a robe. 2 jackals come into view.
Are you sure you want to abandon this character and quit the game? (Confirm

#.####.#.# #.#
##.⌠.#. #......#.#
#.# ##...#.
########.# ###.#
######.
#.##########.....#
.......
#.......#... ..
.......
#######.#.##.#
...... #......#
...... ###.####
...... #@# #####.
#.....h.# #...#.
#######.h #.⌠.#.
#...#. #####.
#.#.. #..


You could see 2 jackals.

Vanquished Creatures
  2 ball pythons (D:1)
  A goblin (D:1)
  2 hobgoblins (D:1)
  2 bats (D:1)
7 creatures vanquished.

Notes
Turn   | Place    | Note
-------+----------+-------------------------------------------
     0 | D:1      | Dfrag the Demonspawn Fire Elementalist began the quest for
                  | the Orb.
     0 | D:1      | Reached XP level 1. HP: 13/13 MP: 3/3
   137 | D:1      | Gained mutation: You are partially covered in thin metallic
                  | scales. (AC +2) [demonic ancestry]
   137 | D:1      | Reached XP level 2. HP: 9/19 MP: 3/5
   188 | D:1      | Quit the game

Vault maps used:
D:1:      minmay_arrival_glassed_features, minivault_24

Action                   || total
-------------------------++-------
Melee: Mace              ||     8
 Cast: Flame Tongue      ||     8
Armor: Robe              ||     4
Dodge: Dodged            ||     6

Table legend:
 A = Non-vault XP
 B = Vault XP
 C = Vault XP percentage of total XP
 D = Non-vault monster count
 E = Vault monster count
 F = Vault count percentage of total count
                 A         B        C        D         E       F
            +---------+---------+-------+---------+---------+-------
      Total |      12 |       0 |   0.0 |       7 |       0 |   0.0
            +---------+---------+-------+---------+---------+-------
        D:1 |      12 |       0 |   0.0 |       7 |       0 |   0.0
            +---------+---------+-------+---------+---------+-------
